 Dungeon Sprint DCSS version 0.22.1-1-ga44c0e56f4 (webtiles) character file.

18 MuseOD the Covert (level 6, 0/35 HPs)
             Began as a Spriggan Enchanter on Sept 23, 2018.
             Was a Believer of Dithmenos.
             Slain by a bullfrog (4 damage)
             ... in the Dungeon (Sprint VI: "Thunderdome").
             The game lasted 00:02:32 (403 turns).

MuseOD the Covert (Spriggan Enchanter)               Turns: 403, Time: 00:02:33

Health: 0/35       AC:  2    Str:  4    XL:     6   Next: 17%
Magic:  1/11       EV: 18    Int: 19    God:    Dithmenos [**....]
Gold:   230        SH:  0    Dex: 16    Spells: 4/10 levels left

rFire    . . .     SeeInvis +   a - +1 dagger
rCold    . . .     Gourm    .   (shield restricted)
rNeg     . . .     Faith    .   b - +0 robe
rPois    .         Spirit   .   (helmet restricted)
rElec    .         Reflect  .   (no cloak)
rCorr    .         Harm     .   (gloves unavailable)
MR       +....     NoTele   +   (boots unavailable)
Stlth    ++++++....             (no amulet)
HPRegen  0.11/turn              (no ring)
MPRegen  0.12/turn              (no ring)

@: wreathed by umbra, very quick
A: very small, unfitting armour, see invisible, herbivore, speed 3, slow
metabolism 2
a: Shadow Step, Renounce Religion


You were in the Dungeon.
You worshipped Dithmenos.
Dithmenos was pleased with you.
You were not hungry.

You visited 1 branch You collected 230 gold pieces.

Inventory:

Hand Weapons
 a - a +1 dagger (weapon)
Armour
 b - a +0 robe (worn)
Wands
 k - a wand of acid (5)
 l - a wand of iceblast (5)
Scrolls
 j - 4 scrolls of blinking
 m - 3 scrolls of fog
Potions
 c - a potion of resistance
 e - a potion of curing
 f - 4 potions of heal wounds
 g - 4 potions of haste
Comestibles
 d - a ration


   Skills:
 - Level 5.2 Fighting
 + Level 10.1 Short Blades
 - Level 3.0 Dodging
 + Level 10.9 Stealth
 + Level 2.6 Spellcasting
 + Level 3.6 Hexes


You had 4 spell levels left.
You knew the following spells:

 Your Spells              Type           Power        Failure   Level  Hunger
a - Corona                Hex            ###....      3%          1    None
b - Ensorcelled Hibernat  Hex/Ice        #.....       12%         2    ##.....
c - Confuse               Hex            ###.....     11%         3    ###....

Your spell library contained the following spells:

 Spells                   Type           Power        Failure   Level  Hunger
 Tukima's Dance           Hex            ###.....     11%         3    ###....
 Dazzling Spray           Conj/Hex       #.....       22%         3    ###....


Dungeon Overview and Level Annotations

Branches:
Dungeon (1/1)

Altars:
Cheibriados
Dithmenos
Fedhas
Gozag
Kikubaaqudgha
Makhleb
Okawaru
Qazlal
Ru
Sif Muna
Trog
Uskayaw
Vehumet
Wu Jian
Xom
Yredelemnul
Zin
The Shining One
Beogh
Jiyva
Lugonu

Shops:
D *[%??*?*:[((!!!!


Innate Abilities, Weirdness & Mutations

You are very small and have problems with some larger weapons.
You are too small for most types of armour.
You have supernaturally acute eyesight. (SInv)
You are a herbivore.
You cover ground extremely quickly.
You need to consume almost no food.


Message History

You closely miss the bullfrog.
The bullfrog is moderately wounded.
The bullfrog hits you.
You hit the bullfrog.
The bullfrog is heavily wounded.
The bullfrog hits you. x2
You hit the bullfrog.
The bullfrog is severely wounded.
The bullfrog hits you!
* * * LOW HITPOINT WARNING * * *
The bullfrog barely misses you.
Unknown command.
The bullfrog barely misses you.
You hit the bullfrog.
The bullfrog is lightly wounded.
The bullfrog barely misses you.
You closely miss the bullfrog.
The bullfrog is lightly wounded.
The bullfrog hits you.
You die...

#⌠...........⌠#
######.8.........8.######
#∩__.....÷.###.......__∩##
∩........8.# #.8........∩###
...........###.............##
........###...###...÷......⌠#
........# #.<.# #..........F#
........###...###FF........⌠#
...........###..@F..[......##
∩........8.# #.8.....[..∩###
#∩.__......###......___∩##
######.8.........8.######
#⌠...........⌠#
###.........### #_†......_#
#_......._# #_......._#


You could see a blink frog and 2 bullfrogs.

Vanquished Creatures
  A soldier ant (D)
  A killer bee (D)
  An orc wizard (D)
  Jessica (D)
  Terence (D)
  3 worker ants (D)
  A bat (D)
  A rat (D)
10 creatures vanquished.

Notes
Turn   | Place    | Note
-------+----------+-------------------------------------------
     0 | D        | MuseOD the Spriggan Enchanter began the quest for the Orb.
     0 | D        | Reached XP level 1. HP: 9/9 MP: 5/5
     3 | D        | Found a glowing silver altar of Zin.
     3 | D        | Found an opulent altar of Gozag.
     4 | D        | Found a hide-covered altar of Uskayaw.
     4 | D        | Found an ornate altar of the Wu Jian Council.
     5 | D        | Found a bloodstained altar of Trog.
     5 | D        | Found a radiant altar of Vehumet.
     6 | D        | Found a glowing golden altar of the Shining One.
     6 | D        | Found a shimmering altar of Xom.
     6 | D        | Found Qirereel's Weapon Rack.
     6 | D        | Found Quceukypn's Premium Goods.
     7 | D        | Found Saejosk's Basic Armour.
     7 | D        | Found Kiffiadgh's Miscellaneous Merchandise.
     9 | D        | Round 1.
    10 | D        | Found a deep blue altar of Sif Muna.
    11 | D        | Found an iron altar of Okawaru.
    13 | D        | Found Cukh's Identification Station.
    13 | D        | Found a viscous altar of Jiyva.
    13 | D        | Found a sacrificial altar of Ru.
    13 | D        | Found Zyraar's Delicious Food.
    14 | D        | Found Letzoaxt's Advanced Armour.
    14 | D        | Found Syarrot's Jewellery.
    17 | D        | Found a snail-covered altar of Cheibriados.
    18 | D        | Found a roughly hewn altar of Beogh.
    19 | D        | Found a blossoming altar of Fedhas.
    22 | D        | Found a basalt altar of Yredelemnul.
    22 | D        | Found a burning altar of Makhleb.
    22 | D        | Found a shadowy altar of Dithmenos.
    22 | D        | Found Qidac's Magic Scroll Shop.
    22 | D        | Found Ywos's Staff Store.
    23 | D        | Found Ylasic's Magic Scroll Shop.
    23 | D        | Found Pefarul's Must-Have Magic.
    30 | D        | Became a worshipper of Dithmenos the Shadowed
    34 | D        | Found a stormy altar of Qazlal.
    35 | D        | Found a corrupted altar of Lugonu.
    35 | D        | Found Seudishaome's Distillery.
    36 | D        | Found Gutwej's Distillery.
    36 | D        | Found Oroqom's Bottled Wisdom.
    37 | D        | Found an ancient bone altar of Kikubaaqudgha.
    37 | D        | Found Huibrop's Do-It-Yourself Clinic.
    43 | D        | Noticed Jessica
    44 | D        | Noticed Terence
    62 | D        | Killed Terence
    62 | D        | Reached XP level 2. HP: 15/15 MP: 6/6
    63 | D        | Killed Jessica
    63 | D        | Reached * piety under Dithmenos
    63 | D        | Reached skill level 5 in Short Blades
    63 | D        | Reached XP level 3. HP: 19/19 MP: 8/8
    70 | D        | Learned a level 2 spell: Ensorcelled Hibernation
    74 | D        | Learned a level 3 spell: Confuse
    75 | D        | Noticed Sigmund
    78 | D        | Reached XP level 4. HP: 24/24 MP: 2/9
   136 | D        | Arena points: 6 (+6) [x1]
   152 | D        | Round 2.
   167 | D        | Reached ** piety under Dithmenos
   167 | D        | Reached XP level 5. HP: 17/29 MP: 0/10
   319 | D        | Noticed a soldier ant
   325 | D        | Killed a soldier ant
   325 | D        | Reached skill level 5 in Fighting
   325 | D        | Reached skill level 10 in Short Blades
   325 | D        | Reached skill level 10 in Stealth
   325 | D        | Reached XP level 6. HP: 30/35 MP: 7/11
   358 | D        | Arena points: 18 (+12) [x1]
   374 | D        | Round 3.
   375 | D        | Noticed a blink frog
   403 | D        | Slain by a bullfrog

Skill      XL: |  1  2  3  4  5 |
---------------+----------------+-----
Short Blades   | 4 5 6 7 10 | 10.1
Fighting       | 2 3 4 5 |  5.2
Stealth        | 6 7 9 10 | 10.9
Dodging        | |  3.0
Spellcasting   | |  2.6
Hexes          | |  3.6

Action                   |  1- 3 |  4- 6 || total
-------------------------+-------+-------++-------
Melee: Dagger            |    12 |    25 ||    37
 Cast: Ensorcelled Hiber |     3 |    20 ||    23
       Confuse           |       |     3 ||     3
  Use: Potion            |     1 |     2 ||     3
 Stab: Sleeping          |     1 |     5 ||     6
Armor: Robe              |       |     1 ||     1
Dodge: Dodged            |     8 |    29 ||    37
